 Dungeon Sprint DCSS version 0.20.1-1-g8b1a95d (webtiles) character file.

740 wojtek the Basher (level 7, -2/72 HPs)
             Began as a Minotaur Fighter on Dec 31, 2017.
             Was an Initiate of Trog.
             Slain by a sixfirhy (9 damage)
             ... summoned by a kobold demonologist
             ... in the Dungeon (Sprint I: "Red Sonja").
             The game lasted 00:00:59 (502 turns).

wojtek the Basher (Minotaur Fighter)                 Turns: 502, Time: 00:01:00

Health: -2/72      AC:  8    Str: 22    XL:     7   Next: 46%
Magic:  6/6        EV:  8    Int:  5    God:    Trog [......]
Gold:   422        SH:  9    Dex: 10    Spells: 6/6 levels left

rFire    . . .     SeeInvis .   a - +0 flail
rCold    . . .     Gourm    .   c - +0 shield
rNeg     . . .     Faith    .   b - +0 scale mail
rPois    .         Spirit   .   (helmet restricted)
rElec    .         Reflect  .   (no cloak)
rCorr    .         Harm     .   (no gloves)
MR       .....     NoTele   +   (no boots)
Stlth    ..........             (no amulet)
Regen    0.3/turn               (no ring)
MPRegen  0.1/turn               (no ring)

@: no status effects
A: retaliatory headbutt, horns 2
a: Burn Spellbooks, Renounce Religion


You were in the Dungeon.
You worshipped Trog.
Trog was noncommittal.
You were not hungry.

You visited 1 branch You collected 422 gold pieces.

Inventory:

Hand Weapons
 a - a +0 flail (weapon)
Armour
 b - a +0 scale mail (worn)
 c - a +0 shield (worn)
Scrolls
 k - a scroll of blinking
Potions
 d - a potion of might
 e - a potion of curing
 g - a potion of heal wounds
 h - a potion of haste
 i - 2 potions of magic
 j - a potion of berserk rage
Comestibles
 f - a bread ration


   Skills:
 + Level 10.2 Fighting
 * Level 13.4 Maces & Flails
 + Level 10.3 Armour
 + Level 1.6 Dodging
 + Level 4.2 Shields


You had 6 spell levels left.
You didn't know any spells.

Dungeon Overview and Level Annotations

Branches:
Dungeon (1/1)

Altars:
Cheibriados
Dithmenos
Elyvilon
Fedhas
Gozag
Hepliaklqana
Kikubaaqudgha
Makhleb
Nemelex Xobeh
Okawaru
Qazlal
Ru
Sif Muna
Trog
Uskayaw
Vehumet
Xom
Yredelemnul
Zin
The Shining One
Jiyva
Lugonu

Shops:
D ?


Innate Abilities, Weirdness & Mutations

You reflexively headbutt those who attack you in melee.
You have a pair of horns on your head.


Message History

There is a corrupted altar of Lugonu here.
The sixfirhy barely misses you.
The sixfirhy hits you but does no damage.
The sixfirhy closely misses you. You furiously retaliate!
You headbutt the sixfirhy, but do no damage.
There is an open door here.
The sixfirhy hits you! The sixfirhy shocks you!
* * * LOW HITPOINT WARNING * * *
There is an open door here.
You miss the sixfirhy. Your headbutt misses the sixfirhy.
You completely miss the sixfirhy. You miss the sixfirhy. The sixfirhy hits you.
* * * LOW HITPOINT WARNING * * *
The sixfirhy shocks you!
* * * LOW HITPOINT WARNING * * *
You block the sixfirhy's attack.
You miss the sixfirhy. The sixfirhy hits you.
* * * LOW HITPOINT WARNING * * *
The sixfirhy shocks you!
You die...

##########################
#<.#..)..#.)'..#__#.455..#
#..'[.#..'..#..3..'5.#.K.#
#..#####'#####@#__####454+
#..####..#...#(#### ####
#..#__####..##.#
#..#_____##'#..+
#⌠⌠#_.∩...÷..._#
####_..__##_.#'#
#_____###+#(# ####### ###


You could see a sixfirhy, a red devil, an iron imp and a quasit.

Vanquished Creatures
  A slime creature (D)
  Sigmund (D)
  A yak (D)
  A floating eye (D)
  An ogre (D)
  A jelly (D)
  Ijyb (D)
7 creatures vanquished.

Vanquished Creatures (others)
  A gargoyle (D)
1 creature vanquished.

Grand Total: 8 creatures vanquished

Notes
Turn   | Place    | Note
-------+----------+-------------------------------------------
     0 | D        | wojtek the Minotaur Fighter began the quest for the Orb.
     0 | D        | Reached XP level 1. HP: 19/19 MP: 0/0
     1 | D        | Noticed Ijyb
    11 | D        | Killed Ijyb
    11 | D        | Reached skill level 5 in Maces & Flails
    11 | D        | Reached XP level 2. HP: 23/28 MP: 1/1
    64 | D        | Noticed an ogre
    70 | D        | Killed an ogre
    70 | D        | Reached skill level 8 in Maces & Flails
    70 | D        | Reached XP level 3. HP: 38/38 MP: 2/2
    70 | D        | Reached XP level 4. HP: 45/45 MP: 3/3
    75 | D        | Killed a gargoyle
    80 | D        | Noticed Sigmund
    88 | D        | Killed Sigmund
    88 | D        | Reached skill level 10 in Maces & Flails
    88 | D        | Reached XP level 5. HP: 44/53 MP: 4/4
    88 | D        | Reached XP level 6. HP: 51/61 MP: 5/5
   102 | D        | Found a burning altar of Makhleb.
   102 | D        | Found a viscous altar of Jiyva.
   102 | D        | Found a shimmering altar of Xom.
   102 | D        | Found a corrupted altar of Lugonu.
   102 | D        | Noticed a slime creature
   109 | D        | Killed a slime creature
   109 | D        | Reached skill level 12 in Maces & Flails
   200 | D        | Found a deep blue altar of Sif Muna.
   202 | D        | Found a radiant altar of Vehumet.
   227 | D        | Found Daatat's Magic Scroll Emporium.
   227 | D        | Found an ancient bone altar of Kikubaaqudgha.
   227 | D        | Found a hazy altar of Hepliaklqana.
   227 | D        | Found a stormy altar of Qazlal.
   227 | D        | Found a hide-covered altar of Uskayaw.
   227 | D        | Found a blossoming altar of Fedhas.
   227 | D        | Found a bloodstained altar of Trog.
   227 | D        | Found an iron altar of Okawaru.
   227 | D        | Found a basalt altar of Yredelemnul.
   227 | D        | Found a glowing golden altar of the Shining One.
   227 | D        | Found a snail-covered altar of Cheibriados.
   227 | D        | Found a sacrificial altar of Ru.
   227 | D        | Found a glowing silver altar of Zin.
   227 | D        | Found a shadowy altar of Dithmenos.
   227 | D        | Found a white marble altar of Elyvilon.
   227 | D        | Noticed a yak
   239 | D        | Killed a yak
   239 | D        | Reached skill level 10 in Fighting
   239 | D        | Reached skill level 13 in Maces & Flails
   239 | D        | Reached skill level 10 in Armour
   239 | D        | Reached XP level 7. HP: 17/72 MP: 6/6
   240 | D        | Found an opulent altar of Gozag.
   243 | D        | Found a sparkling altar of Nemelex Xobeh.
   249 | D        | Became a worshipper of Trog the Wrathful
   488 | D        | Noticed a kobold demonologist
   489 | D        | Noticed a kobold demonologist
   490 | D        | Noticed a rust devil
   491 | D        | Reached skill level 1 in Dodging
   492 | D        | Noticed a red devil
   492 | D        | Noticed a sixfirhy
   502 | D        | Slain by a sixfirhy

Skill      XL: |  1  2  3  4  5  6  7 |
---------------+----------------------+-----
Fighting       | 4 6 8 10 | 10.2
Maces & Flails | 5 8 10 13 | 13.4
Armour         | 4 6 8 10 | 10.3
Dodging        | 1 |  1.6
Shields        | 4 |  4.2

Action                   |  1- 3 |  4- 6 |  7- 9 || total
-------------------------+-------+-------+-------++-------
Melee: Flail             |    14 |    26 |     6 ||    46
       Headbutt          |     4 |    10 |     1 ||    15
Armor: Scale mail        |     4 |     2 |     2 ||     8
Dodge: Dodged            |     3 |     2 |     2 ||     7
Block: Shield            |     5 |     7 |     3 ||    15
